 Dungeon Crawl Stone Soup version 0.27-a0-1296-g8ece459b43 (webtiles) character file.

Game seed: 4111259955802204688

329 HAL9000 the Sneak (level 6, -1/30 HPs)
             Began as a Vine Stalker Brigand on June 16, 2021.
             Slain by Duvessa (6 damage)
             ... on level 4 of the Dungeon.
             The game lasted 00:07:53 (3430 turns).

HAL9000 the Sneak (Vine Stalker Brigand)            Turns: 3430, Time: 00:07:53

Health: -1/30      AC:  4    Str: 16    XL:     6   Next: 51%
Magic:  0/7        EV: 11    Int: 11    God:
Gold:   75         SH:  5    Dex: 15    Spells: 5/5 levels left

rFire    . . .     SeeInvis .   a - +2 dagger
rCold    . . .     Faith    .   (no shield)
rNeg     . . .     Spirit   +   b - +0 robe
rPois    .         Reflect  +   p - +0 helmet
rElec    .         Harm     .   c - +0 cloak
rCorr    .         Rampage  .   (no gloves)
Will     .....                  (no boots)
Stlth    ++++......             h - amulet of reflection
HPRegen  1.10/turn              (no ring)
MPRegen  0.10/turn              (no ring)

@: about to teleport
A: fangs 2, regeneration 1, magic shield, antimagic bite, no potion heal 2
a: no special abilities


You were on level 4 of the Dungeon.
You visited 1 branch of the dungeon, and saw 4 of its levels.

You collected 114 gold pieces.
You spent 39 gold pieces at shops.

Inventory:

Hand Weapons
 a - a +2 dagger (weapon)
 i - a +1 hunting sling of flaming
Missiles
 d - 10 poisoned darts
 j - 34 stones
 s - 5 boomerangs
 t - a throwing net (quivered)
Armour
 b - a +0 robe (worn)
 c - a +0 cloak (worn)
 p - a +0 helmet (worn)
Jewellery
 h - an amulet of reflection (around neck)
Wands
 u - a wand of polymorph (5)
Scrolls
 f - a scroll of immolation {unknown}
 k - a scroll of amnesia {unknown}
 m - a scroll of summoning {unknown}
 n - 2 scrolls of teleportation
 o - 2 scrolls of identify {unknown}
 q - a scroll of noise {unknown}
 r - a scroll of brand weapon {unknown}
Potions
 g - 2 potions of curing {unknown}
 l - a potion of might {unknown}


   Skills:
 - Level 1.7 Fighting
 + Level 4.8 Short Blades
 - Level 1.7 Throwing
 - Level 0.7 Dodging
 - Level 7.2 Stealth


You had 5 spell levels left.
You didn't know any spells.
Your spell library contained the following spells:

 Spells                   Type           Power      Damage    Failure   Level
 Magic Dart               Conj           0%         1d3       34%         1
 Searing Ray              Conj           0%         3d3       47%         2
 Dazzling Flash           Conj/Hex       0%         N/A       71%         3
 Fulminant Prism          Conj/Hex       0%         3d6       98%         4
 Iskenderun's Mystic Bla  Conj/Tloc      0%         2d3       98%         4


Dungeon Overview and Level Annotations

Branches:
Dungeon (4/15)
 Temple: D:4-7

Altars:

Shops:
D:2 ?

Annotations:
D:4 Dowan, Duvessa


Innate Abilities, Weirdness & Mutations

You have extremely sharp teeth.
Your natural rate of healing is unusually fast.
When hurt, damage is shared between your health and your magic reserves.
Your bite disrupts and absorbs the magic of your enemies.
Potions cannot restore your health.


Message History

Press: ? - help, Q - select action, (/) - cycle Shift-Dir - straight line, f - Duvessa
Aim: Duvessa, wielding a +0 short sword of protection and wearing a +0 ring mail (fast, 65% to hit)
You throw a curare-tipped dart.
The curare-tipped dart barely misses Duvessa.
Throw: dart (curare)
Press: ? - help, Q - select action, (/) - cycle Shift-Dir - straight line, f/p - Duvessa
Aim: Duvessa, wielding a +0 short sword of protection and wearing a +0 ring mail (fast, 65% to hit)
You throw a curare-tipped dart.
The curare-tipped dart closely misses Duvessa.
Throw: 2 throwing nets
Press: ? - help, Q - select action, (/) - cycle Shift-Dir - straight line, f/p - Duvessa
Aim: Duvessa, wielding a +0 short sword of protection and wearing a +0 ring mail (fast, 65% to hit)
You throw a throwing net.
The throwing net closely misses Duvessa.
Duvessa hits you with a +0 short sword of protection!
Duvessa barely misses you. Dowan casts a spell at you.
The puff of flame hits you.
Duvessa says, "My weaknesses are his strengths!"
Duvessa says, "When magic and the sword combine, nothing stands against them."
You block Duvessa's attack.
Duvessa says, "When magic and the sword combine, nothing stands against them."
Duvessa hits you with a +0 short sword of protection.
Duvessa hits you with a +0 short sword of protection!
Duvessa hits you with a +0 short sword of protection.
Duvessa hits you with a +0 short sword of protection!
Duvessa completely misses you.
Duvessa hits you with a +0 short sword of protection.
Duvessa hits you with a +0 short sword of protection.
Duvessa hits you with a +0 short sword of protection!
* * * LOW HITPOINT WARNING * * *
Duvessa barely misses you.
Duvessa hits you with a +0 short sword of protection.
* * * LOW HITPOINT WARNING * * *
Duvessa hits you with a +0 short sword of protection.
* * * LOW HITPOINT WARNING * * *
As you read the scroll of teleportation, it crumbles to dust.
You feel strangely unstable.
Duvessa hits you with a +0 short sword of protection.
You die...

..........# #..............#
..........# #......####.#####
........†.# #......####......
##..####)## #....e...........
##..###.# #................
#...##)# #..........#....>
##.#.#.# ###........).......
####..#..## #.e..........######
#.........# #.@..............
#.........# #...###.####.####
#.........# #...# #.# ......
#.......).# #...# #.# ......
#.........# #...# #.# ......
#.........#####...# #.# ......
#...###...........###.###......
#...# #^.......................
#...# #.................#


You could see Duvessa (fast) and Dowan.

Vanquished Creatures
  A hound (D:4)
  An orc priest (D:3)
  2 iguanas (D:4)
  Ijyb (D:4)
  Natasha (twice) (D:2)
  3 gnolls (D:3)
  3 adders
  2 worms
  3 dart slugs
  2 orcs (D:3)
  7 bats
  7 endoplasms (D:1)
  5 giant cockroaches
  4 goblins
  4 hobgoblins
  6 quokkas
  3 ball pythons
  5 frilled lizards
  9 kobolds
  5 rats
75 creatures vanquished.

Notes
Turn   | Place    | Note
-------+----------+-------------------------------------------
     0 | D:1      | HAL9000 the Vine Stalker Brigand began the quest for the
                  | Orb.
     0 | D:1      | Reached XP level 1. HP: 11/11 MP: 2/2
   168 | D:1      | Reached XP level 2. HP: 10/15 MP: 1/3
   413 | D:1      | Reached skill level 5 in Stealth
   735 | D:1      | Reached XP level 3. HP: 14/18 MP: 4/4
  1571 | D:2      | Reached skill level 6 in Stealth
  1916 | D:2      | Found Kuoshrop's Magic Scroll Emporium.
  1920 | D:2      | Bought a scroll of teleportation for 39 gold pieces
  2020 | D:2      | Gained mutation: Your natural rate of healing is unusually
                  | fast. [Vine Stalker growth]
  2020 | D:2      | Reached XP level 4. HP: 23/23 MP: 5/5
  2172 | D:2      | Noticed Natasha
  2184 | D:2      | Killed Natasha
  2311 | D:2      | Noticed Natasha
  2326 | D:2      | Killed Natasha
  2327 | D:2      | Reached skill level 7 in Stealth
  2353 | D:3      | Reached XP level 5. HP: 26/26 MP: 6/6
  2941 | D:4      | Reached XP level 6. HP: 30/30 MP: 7/7
  3132 | D:4      | Noticed Dowan
  3139 | D:4      | Noticed Ijyb
  3214 | D:4      | Killed Ijyb
  3394 | D:4      | Noticed Duvessa
  3430 | D:4      | Slain by Duvessa

Illustrated notes

Levels and vault maps discovered:
D:1:      saegor_arrival_simple_c, layout_rooms
D:2:      layout_loops_ring, serial_shops, shop, lemuel_flame_loot_1,
          uniq_natasha
D:3:      layout_rooms
D:4:      layout_basic, uniq_ijyb, uniq_duvessa

Skill      XL: |  1  2  3  4  5 |
---------------+----------------+-----
Short Blades   | 2 4 |  4.8
Stealth        | 5 6 7 |  7.2
Fighting       | |  1.7
Throwing       | |  1.7
Dodging        | |  0.7

Action                   |  1- 3 |  4- 6 || total
-------------------------+-------+-------++-------
Melee: Dagger            |   105 |    70 ||   175
       Bite              |    22 |    23 ||    45
 Fire: Hunting sling     |     5 |    44 ||    49
Throw: Dart              |     4 |    23 ||    27
       Throwing net      |       |     1 ||     1
  Use: Scroll            |       |     1 ||     1
 Stab: Sleeping          |     7 |     5 ||    12
       Distracted        |     1 |       ||     1
Armor: Robe              |    32 |    11 ||    43
Dodge: Dodged            |    48 |    37 ||    85
Block: Other             |    15 |    20 ||    35

Table legend: (Time is in decaauts)
 A = Elapsed time spent in this place.
 B = Non-inter-level travel time spent in this place.
 C = Inter-level travel time spent in this place.
 D = Time resting spent in this place.
 E = Time spent auto-exploring this place.
 F = Levels seen in this place.
 G = Mean time per level.
                   A        B        C        D        E       F      G
               +--------+--------+--------+--------+--------+-----+--------+
         Total |   3407 |   3284 |    123 |    499 |   2131 |   4 |  851.8 |
       Dungeon |   3407 |   3284 |    123 |    499 |   2131 |   4 |  851.8 |
               +--------+--------+--------+--------+--------+-----+--------+

Top non-repeatable levels by time:
     D:2: 1291 daAuts
     D:1: 1087 daAuts
     D:3: 530 daAuts
     D:4: 497 daAuts
